 Dungeon Crawl Stone Soup version 0.17-a0-628-g54c4a4d (webtiles) character file.

302 talyn the Ruffian (level 6, -3/51 HPs)
             Began as a Draconian Transmuter on Apr 17, 2015.
             Slain by Edmund
             ... wielding a +0 dire flail
              (12 damage)
             ... on level 4 of the Dungeon.
             The game lasted 00:09:42 (3167 turns).

talyn the Ruffian (Draconian Transmuter)            Turns: 3167, Time: 00:09:43

Health: -3/51      AC:  6    Str: 13    XL:     6   Next: 14%
Magic:  8/9        EV: 13    Int: 15    God:
Gold:   111        SH:  0    Dex: 11    Spells: 1 memorised, 8 levels left

rFire  . . .     SeeInvis .       - Unarmed
rCold  . . .     Clarity  .     (armour unavailable)
rNeg   . . .     SustAb   .     (no shield)
rPois  .         Gourm    .     (helmet restricted)
rElec  .         Spirit   .     (no cloak)
rCorr  .         Warding  .     (no gloves)
rMut   .         Stasis   .     (no boots)
MR     .....                    (no amulet)
Stlth  +.........               (no ring)
                                (no ring)

@: appendage, not resistant to hostile enchantments, very unstealthy
A: unfitting armour, horns 2, cold-blooded, AC +6
a: End Transformation


You were on level 4 of the Dungeon.
You were not hungry.
You had grown temporary horns.
You visited 1 branch of the dungeon, and saw 4 of its levels.

You collected 111 gold pieces.

Inventory:

Scrolls
 c - a scroll of fear
 e - a scroll of magic mapping
 j - a scroll of recharging
 l - a scroll of remove curse
Potions
 b - a potion of brilliance {unknown}
 g - a potion of restore abilities {unknown}
 i - a potion of curing {unknown}
Books
 d - a book of Changes

   Spells                             Type                      Level
   a - Beastly Appendage              Transmutation                1
   b - Sticks to Snakes               Transmutation                2
   c - Spider Form                    Transmutation/Poison         3
   d - Ice Form                       Ice/Transmutation            4
   e - Blade Hands                    Transmutation                5
Comestibles
 a - a royal jelly
 f - 2 beef jerkies
 h - 5 fruits
 k - 3 bread rations
 m - 2 chunks of flesh


   Skills:
 * Level 3.5 Fighting
 + Level 3.2 Dodging
 + Level 5.3 Unarmed Combat
 - Level 2.0 Spellcasting
 - Level 2.0 Transmutations


You had 8 spell levels left.
You knew the following spells:

 Your Spells              Type           Power        Failure   Level  Hunger
a - Beastly Appendage     Trmt           #.....       12%         1    #......


Dungeon Overview and Level Annotations

Branches:
Dungeon (4/15)
 Temple: D:4-7

Altars:
Yredelemnul

Portals:
Sewer: D:4

Annotations:
D:4 Duvessa, Edmund


Innate Abilities, Weirdness & Mutations

Your plain brown scales are hard (AC +6).
Your body does not fit into most forms of armour.
You are cold-blooded and may be slowed by cold attacks.
You have a pair of horns on your head.


Message History

Edmund says, "A flail is better than a scythe, any day of the week!"
Duvessa, Sister of Dowan comes into view.
She is wielding a short sword.
Duvessa says, "Where magic fails, the sword succeeds!"
Casting: Beastly Appendage
Confirm with . or Enter, or press ? or * to list all spells.
You grow a pair of large bovine horns.
Edmund hits you with a dire flail.
* * * LOW HITPOINT WARNING * * *
You hit Edmund but do no damage. You headbutt Edmund.
Edmund is severely wounded.
Edmund barely misses you.
You punch Edmund!
Edmund is almost dead.
You completely miss Edmund. You headbutt Edmund, but do no damage.
Edmund is almost dead.
Edmund barely misses you.
Duvessa drinks a potion.
Duvessa suddenly seems more agile.
You closely miss Edmund. You tail-slap Edmund, but do no damage.
Edmund is almost dead.
Edmund hits you with a dire flail!
You die...

... #.# #.# #### ### ## ####.####
#.. ..# #. #......)####.# #.# .
#. #.##.##....#.####.####. ..
#.##.....#............. #.
#####.#####e.....#.##....##
#.#####...#.#####@###..#>##†#....
.)..............@## ##...........
#.##.##...####.##.###.###........
#....###### #.###.#..###..†≈≈≈..
####.# ### ##.#......≈≈≈≈≈. ..#
##8# #.#####..≈≈∩≈≈. #.#
.8...8##.#####..≈≈≈≈≈. #..
......##.........≈≈≈.. ...
......>#.####......... ...
......#### #.........


You could see Edmund and Duvessa.

Vanquished Creatures
  An ogre (D:4)
  A scorpion (D:4)
  Ijyb (D:2)
  4 adders
  A river rat (D:4)
  6 worms
  5 orcs (D:4)
  12 bats
  3 giant cockroaches (D:1)
  5 hobgoblins
  A quokka (D:2)
  3 ball pythons
  3 giant geckos
  4 giant newts
  12 goblins
  6 kobolds
  6 rats
74 creatures vanquished.

Notes
Turn   | Place    | Note
--------------------------------------------------------------
     0 | D:1      | talyn, the Draconian Transmuter, began the quest for the Orb.
     0 | D:1      | Reached XP level 1. HP: 16/16 MP: 3/3
   181 | D:1      | Reached XP level 2. HP: 15/23 MP: 5/5
   851 | D:2      | Reached XP level 3. HP: 29/29 MP: 4/6
   997 | D:2      | Noticed Ijyb
  1022 | D:2      | Killed Ijyb
  1125 | D:2      | Reached skill level 4 in Unarmed Combat
  1152 | D:2      | Reached XP level 4. HP: 34/37 MP: 5/7
  2418 | D:3      | Found a basalt altar of Yredelemnul.
  2543 | D:3      | Reached XP level 5. HP: 42/42 MP: 8/8
  2617 | D:4      | Noticed a hippogriff
  2957 | D:4      | Reached skill level 5 in Unarmed Combat
  2986 | D:4      | Noticed an ogre
  2996 | D:4      | Killed an ogre
  2996 | D:4      | Reached XP level 6. HP: 51/51 MP: 9/9
  3034 | D:4      | Found a glowing drain.
  3106 | D:4      | Noticed Edmund
  3160 | D:4      | Noticed Duvessa
  3167 | D:4      | Slain by Edmund

Action                   |  1- 3 |  4- 6 || total
-------------------------+-------+-------++-------
Melee: Unarmed           |   156 |   194 ||   350
 Cast: Beastly Appendage |     5 |     6 ||    11
  Use: Scroll            |     4 |     4 ||     8
       Potion            |     1 |     1 ||     2
  Eat: Bread ration      |     1 |       ||     1
       Chunk             |       |     3 ||     3
